Map: [ESL] Data-C

Players

Vindicta - Winner!

  • Race: Terran Terran
  • Spawn Location: 9:00

Jieshi

  • Race: Protoss Protoss
  • Spawn Location: 3:00

Event: DreamHack SC2 Masters 2022 Atlanta (Offline)

VOD

Have the link to the VOD?

Description

Time

  • Played on: Nov. 18, 2022, 4:43 p.m.
  • Length: 17:28

All games in this series

Show
View Real Time Build Order
Export as new Build Order

Vindicta Terran - Winner!

Build Orders:  

Get SALT Encoding   

  12  0:00  SCV  
  13  0:12  SCV  
  14  0:17  Supply Depot  
  14  0:24  SCV  
  15  0:38  SCV  
  15  0:40  Barracks  
  16  0:45  Refinery  
  16  0:50  SCV  
  16  0:52  Refinery  
  17  1:02  SCV  
  18  1:14  SCV  
  19  1:27  Reaper, Orbital Command  
  19  1:29  Supply Depot  
  20  1:41  Factory  
  21  1:54  SCV  
  21  1:59  Reaper  
  22  2:06  SCV  
  23  2:18  SCV  
  23  2:22  Command Center  
  24  2:27  Hellion  
  26  2:30  SCV  
  27  2:39  Starport  
  27  2:42  SCV  
  28  2:50  Supply Depot  
  28  2:52  Widow Mine  
  28  2:53  Barracks Reactor  
  28  2:58  SCV  
  31  3:14  Widow Mine  
  31  3:16  Medivac  
  31  3:18  SCV  
  36  3:31  SCV, Marine x2  
  37  3:34  Orbital Command  
  37  3:36  Factory Tech Lab  
  37  3:41  Bunker  
  37  3:43  SCV  
  38  3:49  Marine x2  
  38  3:55  SCV  
  44  3:56  Siege Tank  
  44  4:00  SCV  
  44  4:01  Liberator  
  48  4:07  SCV, Marine x2  
  51  4:10  Supply Depot  
  51  4:14  SCV  
  52  4:19  SCV  
  52  4:23  Barracks  
  54  4:31  SCV, Marine x2  
  54  4:32  Siege Tank  
  54  4:34  SCV  
  54  4:35  Supply Depot  
  58  4:40  Supply Depot  
  58  4:43  SCV  
  58  4:44  Starport Tech Lab  
  59  4:48  Barracks  
  59  4:49  Marine  
  59  4:51  SCV  
  61  4:59  SCV  
  62  5:00  Engineering Bay, Marine  
  62  5:02  Refinery  
  62  5:06  Raven  
  65  5:07  Marine  
  65  5:08  SCV  
  65  5:11  SCV  
  68  5:20  Supply Depot, SCV  
  69  5:23  SCV  
  69  5:25  Bunker  
  69  5:27  Bunker  
  68  5:32  SCV, Stimpack  
  68  5:35  SCV, Marine  
  67  5:37  Refinery  
  67  5:38  Marine  
  65  5:44  SCV, Terran Infantry Weapons Level 1  
  65  5:45  Factory Reactor  
  65  5:47  SCV  
  67  5:52  Marine  
  67  5:53  Supply Depot  
  67  5:56  SCV  
  67  5:57  Combat Shield  
  69  5:59  SCV  
  69  6:03  Marauder, Marine  
  72  6:05  Supply Depot  
  72  6:08  SCV  
  72  6:10  Starport Reactor  
  72  6:11  Marauder  
  72  6:15  Supply Depot, SCV  
  75  6:25  Marauder  
  77  6:26  Supply Depot, Marine  
  77  6:27  Supply Depot, Marine  
  77  6:30  Widow Mine x2  
  82  6:33  Marauder  
  82  6:35  SCV  
  80  6:41  Command Center  
  80  6:44  Marine  
  80  6:46  Medivac x2  
  77  6:48  Marauder, Marine  
  77  6:53  SCV, Widow Mine x2  
  77  6:54  Marine  
  86  6:57  SCV  
  87  7:02  Marine  
  87  7:06  Marine  
  89  7:10  Marauder  
  89  7:12  Barracks x2, Marauder  
  89  7:14  Concussive Shells  
  93  7:16  Widow Mine x2  
  93  7:20  Medivac  
  93  7:21  Medivac  
  101  7:24  SCV  
  101  7:27  SCV  
  103  7:30  Marine  
  103  7:31  Marauder, Marine  
  103  7:33  Marauder  
  109  7:38  Widow Mine x2  
  109  7:41  Ghost Academy  
  109  7:42  Terran Infantry Armor Level 1  
  109  7:43  SCV  
  114  7:46  Missile Turret  
  114  7:54  Orbital Command  
  114  7:57  SCV x2  
  118  7:58  Marine x2  
  118  7:59  Marauder  
  118  8:00  Barracks Reactor  
  118  8:01  Barracks Tech Lab  
  118  8:03  Widow Mine  
  118  8:04  Widow Mine  
  124  8:09  Marauder  
  124  8:11  Orbital Command  
  126  8:13  Enhanced Shockwaves  
  126  8:15  Supply Depot  
  126  8:16  Marine  
  126  8:17  SCV x2  
  129  8:20  Ghost  
  129  8:29  SCV  
  133  8:34  SCV  
  133  8:35  Viking x2  
  133  8:37  SCV  
  133  8:40  Supply Depot  
  136  8:43  Ghost  
  136  8:45  Marauder, Marine x2  
  136  8:46  Marine  
  143  8:52  Refinery, Bunker  
  143  8:55  Supply Depot, SCV x2  
  140  9:04  Ghost  
  140  9:05  Widow Mine  
  140  9:09  SCV  
  138  9:10  Ghost  
  138  9:13  Marauder, Marine  
  141  9:22  Engineering Bay  
  137  9:25  Armory  
  137  9:27  Marine  
  137  9:31  Supply Depot x2, Refinery, Missile Turret  
  138  9:33  SCV  
  138  9:34  SCV  
  138  9:35  Missile Turret  
  138  9:38  Marine  
  141  9:40  Marauder  
  141  9:41  Sensor Tower, Marine  
  141  9:44  Marauder, Marine  
  147  9:46  Medivac  
  147  9:49  Medivac  
  148  10:01  SCV  
  148  10:02  Marine  
  148  10:05  Widow Mine x2  
  152  10:09  Marine  
  152  10:10  Command Center  
  152  10:11  Marine  
  158  10:20  Marine x2  
  162  10:22  Medivac  
  162  10:25  Terran Infantry Weapons Level 2  
  162  10:26  Widow Mine x2  
  162  10:27  Terran Infantry Armor Level 2  
  162  10:31  Marauder, Marine x2  
  162  10:35  Marauder  
  168  10:38  Marine  
  168  10:39  Marauder, Marine  
  171  10:47  Widow Mine  
  171  10:49  Medivac  
  177  10:50  Marine x2  
  178  11:01  Viking  
  177  11:05  SCV x2  
  166  11:12  SCV  
  166  11:16  Marauder  
  166  11:17  Marauder x2  
  166  11:18  Factory Tech Lab  
  171  11:19  SCV, Viking  
  171  11:23  Marine  
  171  11:24  SCV  
  170  11:26  Marine  
  170  11:27  Marine  
  170  11:28  Barracks  
  170  11:29  Barracks, Missile Turret  
  170  11:30  Barracks  
  170  11:31  Viking  
  172  11:35  SCV  
  172  11:36  SCV  
  174  11:40  Marauder x2  
  174  11:44  Planetary Fortress  
  178  11:50  Sensor Tower  
  178  11:52  Siege Tank  
  181  11:57  Viking  
  183  12:06  Viking  
  185  12:09  Refinery  
  185  12:10  Refinery  
  185  12:18  Barracks Tech Lab x2  
  185  12:19  Barracks Tech Lab  
  185  12:25  Siege Tank  
  185  12:27  Liberator  
  185  12:29  Starport  
  189  12:31  Marauder  
  189  12:33  Marauder  
  195  12:40  Liberator  
  195  12:42  Supply Depot  
  196  12:44  Terran Infantry Weapons Level 3  
  196  12:49  Fusion Core  
  194  12:56  Terran Infantry Armor Level 3  
  194  12:59  Marauder  
  195  13:06  Liberator  
  198  13:16  Missile Turret  
  198  13:17  Missile Turret  
  198  13:18  Missile Turret  
  198  13:21  Missile Turret x2  
  198  13:22  Missile Turret, Terran Ship Weapons Level 1  
  198  13:23  Command Center, Marauder  
  189  13:43  Ghost  
  189  13:44  Ghost  
  193  13:52  Liberator  
  193  13:53  Marine x2  
  193  13:54  Marauder x2  
  197  14:04  Marine  
  197  14:05  Advanced Ballistics, Marauder  
  197  14:13  Marine  
  197  14:14  Siege Tank  
  200  14:21  Command Center  
  200  14:24  Command Center  
  191  14:31  Viking, Marine  
  191  14:32  Marauder, Marine  
  191  14:33  Marauder x2  
  191  14:37  Liberator  
  191  14:38  Marine  
  197  14:40  Marine  
  182  14:47  Liberator  
  182  14:49  Marine  
  182  14:51  Liberator  
  189  15:01  Marauder  
  189  15:05  Missile Turret  
  189  15:06  Liberator  
  194  15:08  Marauder  
  194  15:10  Marine x2  
  196  15:24  Medivac  
  197  15:31  Liberator  
  197  15:34  Liberator, Missile Turret  
  197  15:35  Missile Turret  
  200  15:36  Orbital Command x2  
  200  15:40  SCV x2  
  200  15:46  Orbital Command  
  200  15:47  Planetary Fortress  
  200  15:49  Missile Turret  
  200  15:51  Hi-Sec Auto Tracking  
  200  15:58  Missile Turret  
  200  16:03  Missile Turret  
  200  16:07  Refinery  
  200  16:10  Refinery  
  199  16:38  Command Center  
  199  16:40  Starport  
  200  16:48  Ghost  
  197  17:03  Marine  
  197  17:04  Marine x2  
  175  17:08  Marine x2  
  170  17:26  Starport Reactor  
Show
View Real Time Build Order
Export as new Build Order

Jieshi Protoss 

Build Orders: 1 Gate Expand, Blink Stalkers 

Get SALT Encoding   

  12  0:00  Probe  
  13  0:13  Probe  
  14  0:18  Pylon  
  14  0:25  Probe (Chrono Boost)  
  15  0:37  Gateway, Probe (Chrono Boost)  
  16  0:44  Probe (Chrono Boost)  
  16  0:47  Assimilator  
  17  0:51  Probe  
  18  1:04  Probe  
  19  1:16  Probe  
  20  1:24  Cybernetics Core  
  20  1:32  Nexus  
  20  1:34  Probe  
  21  1:40  Assimilator  
  21  1:46  Probe  
  22  1:49  Pylon  
  22  1:58  Probe  
  23  2:02  Warp Gate  
  23  2:04  Adept (Chrono Boost)  
  25  2:11  Probe  
  26  2:16  Twilight Council  
  26  2:23  Pylon  
  26  2:25  Probe  
  27  2:30  Stalker (Chrono Boost)  
  30  2:39  Probe (Chrono Boost)  
  30  2:44  Probe (Chrono Boost)  
  32  2:52  Blink (Chrono Boost)  
  32  2:53  Probe x2 (Chrono Boost)  
  32  2:58  Probe (Chrono Boost)  
  33  3:01  Probe  
  33  3:05  Stalker (Chrono Boost)  
  37  3:12  Probe  
  36  3:13  Probe  
  37  3:20  Gateway  
  37  3:25  Probe x2  
  36  3:36  Robotics Facility  
  36  3:37  Probe  
  36  3:39  Probe  
  38  3:49  Probe  
  38  3:51  Probe  
  40  3:57  Nexus  
  40  4:01  Probe, Pylon  
  41  4:03  Probe  
  42  4:11  Stalker  
  42  4:13  Probe  
  42  4:15  Probe  
  46  4:17  Stalker  
  48  4:25  Probe  
  48  4:26  Pylon  
  48  4:27  Probe  
  50  4:32  Observer  
  50  4:34  Stalker  
  50  4:37  Assimilator  
  53  4:39  Charge (Chrono Boost), Probe x2  
  53  4:40  Stalker  
  57  4:46  Pylon  
  57  4:51  Probe, Gateway  
  57  4:52  Probe  
  59  4:54  Observer  
  59  4:59  Forge  
  60  5:04  Probe  
  60  5:05  Gateway, Probe  
  62  5:11  Sentry, Gateway  
  62  5:13  Probe  
  65  5:20  Stalker  
  65  5:30  Shield Battery  
  65  5:31  Immortal  
  66  5:41  Observer  
  63  5:50  Stalker  
  63  5:52  Stalker  
  63  5:53  Probe  
  68  6:10  Nexus  
  68  6:12  Pylon  
  68  6:13  Protoss Ground Weapons Level 1 (Chrono Boost)  
  68  6:19  Zealot x2  
  68  6:23  Assimilator  
  72  6:28  Pylon  
  72  6:30  Probe x2  
  70  6:41  Templar Archives  
  70  6:42  Probe  
  70  6:46  Stalker x2  
  73  6:48  Probe  
  74  6:54  Probe  
  74  6:57  Photon Cannon  
  74  6:58  Psionic Storm  
  74  6:59  Shield Battery  
  74  7:06  Probe  
  74  7:07  Observer  
  76  7:12  Probe  
  76  7:13  Gateway  
  77  7:17  Shield Battery  
  77  7:18  Observer  
  77  7:27  Probe (Chrono Boost)  
  77  7:28  Probe (Chrono Boost)  
  79  7:31  Observer, Probe (Chrono Boost)  
  79  7:36  High Templar  
  82  7:40  Probe (Chrono Boost)  
  82  7:41  Photon Cannon  
  82  7:43  Shield Battery  
  82  7:44  Zealot x3  
  87  7:45  Probe (Chrono Boost)  
  87  7:46  Probe  
  87  7:48  Probe  
  87  7:51  High Templar  
  94  7:57  Probe  
  94  7:58  Pylon  
  95  8:00  Probe x2  
  95  8:02  Pylon  
  97  8:05  High Templar  
  97  8:06  Zealot x2  
  97  8:12  Protoss Ground Armor Level 1  
  103  8:17  Zealot  
  103  8:18  Zealot  
  105  8:27  Probe  
  105  8:28  Probe x2  
  105  8:29  Zealot, Stalker x2  
  114  8:35  Nexus  
  114  8:37  Photon Cannon  
  114  8:38  Observer  
  112  8:41  Shield Battery  
  112  8:49  Zealot x2, High Templar  
  112  8:52  Pylon  
  112  8:54  Photon Cannon  
  110  9:03  Stalker x3  
  110  9:09  Warp Prism (Chrono Boost)  
  106  9:10  Probe  
  107  9:18  Robotics Bay  
  107  9:22  Probe  
  107  9:23  Zealot, High Templar  
  107  9:24  Zealot  
  114  9:27  Gateway  
  114  9:30  Gateway  
  114  9:32  Gateway  
  114  9:37  Immortal (Chrono Boost), Pylon  
  114  9:41  High Templar  
  120  9:50  Zealot x3  
  120  9:51  Zealot  
  126  10:04  Zealot  
  126  10:06  Colossus (Chrono Boost)  
  128  10:10  Probe  
  128  10:12  Probe  
  128  10:13  Probe x2, Pylon  
  137  10:21  Extended Thermal Lance (Chrono Boost)  
  135  10:22  Probe  
  135  10:23  Assimilator  
  135  10:25  Robotics Facility, Assimilator  
  136  10:33  Zealot x5  
  136  10:34  Zealot x2  
  148  10:38  Zealot  
  148  10:39  Zealot  
  148  10:41  Probe  
  150  10:48  Archon  
  150  10:49  Observer  
  148  10:52  Pylon  
  148  10:53  Probe  
  148  10:56  Zealot x2  
  147  11:00  Zealot x2, Stalker  
  147  11:01  Zealot x2, Colossus (Chrono Boost)  
  146  11:05  Archon  
  146  11:10  Colossus (Chrono Boost)  
  140  11:12  Probe x2  
  140  11:13  Probe x2  
  140  11:17  Zealot x2  
  154  11:24  Probe  
  149  11:35  Pylon  
  149  11:37  Zealot x3  
  149  11:38  Zealot x3  
  158  11:44  Protoss Ground Weapons Level 2 (Chrono Boost)  
  158  11:46  Probe  
  158  11:50  Pylon  
  158  11:52  Colossus (Chrono Boost), Pylon  
  164  11:54  Pylon  
  164  11:57  Pylon  
  164  11:59  Pylon  
  164  12:00  Probe  
  163  12:08  Disruptor (Chrono Boost)  
  163  12:12  Probe  
  163  12:14  High Templar  
  163  12:15  Zealot x6  
  179  12:17  Pylon  
  173  12:31  Zealot  
  173  12:32  Zealot  
  173  12:36  Observer (Chrono Boost)  
  176  12:37  Observer (Chrono Boost)  
  176  12:39  Zealot x2  
  176  12:40  Zealot x2, Dark Shrine  
  186  12:46  Disruptor  
  186  12:48  Disruptor, Assimilator  
  184  12:52  Assimilator  
  184  12:57  Zealot  
  184  12:58  Zealot x3  
  196  13:00  Probe  
  197  13:09  Gateway  
  197  13:10  Nexus  
  198  13:12  Probe  
  198  13:13  Pylon  
  196  13:28  Disruptor  
  198  13:39  Zealot  
  196  14:07  Zealot x4  
  195  14:12  Zealot  
  195  14:13  Zealot  
  174  14:33  Protoss Ground Armor Level 2 (Chrono Boost)  
  174  14:34  Stalker x3  
  174  14:35  Zealot x4, Stalker x2  
  174  14:36  Zealot  
  174  14:37  Disruptor, Observer  
  186  14:41  Shadow Stride (Chrono Boost)  
  171  14:56  Shield Battery, Photon Cannon  
  171  14:58  Dark Templar x6, Observer  
  171  14:59  Dark Templar x3  
  190  15:02  Assimilator  
  190  15:06  Photon Cannon  
  190  15:07  Photon Cannon  
  190  15:08  Shield Battery  
  190  15:10  Dark Templar  
  192  15:14  Photon Cannon  
  192  15:16  Photon Cannon, Pylon  
  192  15:18  Shield Battery  
  192  15:20  Pylon  
  192  15:28  Disruptor x2  
  192  15:33  Probe  
  199  15:38  Nexus  
  199  15:40  Pylon  
  199  15:42  Photon Cannon  
  199  15:44  Shield Battery  
  199  15:45  Nexus, Probe  
  199  15:47  Pylon  
  200  16:02  Observer  
  200  16:07  Photon Cannon  
  200  16:08  Shield Battery  
  194  16:17  Disruptor  
  191  16:21  Dark Templar  
  191  16:22  Zealot x2, Dark Templar x3  
  183  16:38  Dark Templar x2  
  183  16:39  Dark Templar, Stalker  
  189  16:46  Stalker x2  
  193  16:47  Archon  
  193  16:48  Disruptor  
  195  17:01  Stalker x3  
  174  17:02  Stalker x2  
  132  17:15  Stalker x3  
  103  17:16  Zealot x2  
  103  17:18  Zealot  
  103  17:19  Zealot x3  
Tags
 
Add a new tag
Caveats
  • Supply blocks, unpowered buildings, or Contaminate may cause inaccurate times.
  • Supply counts are checked every 10 seconds.